AoeStats
← Yorshka

Arabia

507978564Analyzed
1v1 RM · 13d ago on Sep 20, 2026· 43m 29s· 2 players
Game mode
Random Map
Map size
Tiny (2 player)
Population
200
Speed
Normal
Resources
Standard
Victory
Conquest
Starting age
Dark Age
Ending age
Imperial Age
RankedLock teamsTeams togetherTeam positionsShared explorationLock speedFull tech treeHidden civsTurbo modeCheats
Victory
Defeat
🇨🇳 Vikings · China
1971
+20
🇹🇼 Georgians · Taiwan
2059
-20
Yorshka
6:00 Loom
9:04 Feudal Age
9:50 Man-at-Arms
15:08 Fletching
20:26 Castle Age
19:46 Gold Mining
20:31 Padded Archer Armor
20:43 Double-Bit Axe
20:39 Horse Collar
20:30 Crossbowman
21:14 Bodkin Arrow
25:22 Town Watch
26:13 Bow Saw
26:31 Heavy Plow
34:51 Imperial Age
33:54 Ballistics
33:46 Elite Skirmisher
34:27 Padded Archer Armor
35:26 Leather Archer Armor
35:34 Bracer
36:35 Chemistry
35:13 Long Swordsman
35:57 Scale Mail Armor
36:58 Ring Archer Armor
36:00 Two-Handed Swordsman
38:22 Chain Mail Armor
37:54 Gambesons
38:12 Squires
38:02 Champion
40:03 Plate Mail Armor
41:46 Two-Man Saw
41:55 Forging
42:12 Arson
43:44 Conscription
SSS66618
5:18 Loom
8:14 Feudal Age
8:56 Double-Bit Axe
17:58 Fletching
22:50 Castle Age
21:32 Padded Archer Armor
22:25 Horse Collar
23:27 Bodkin Arrow
23:50 Bow Saw
23:27 Elite Skirmisher
24:32 Leather Archer Armor
25:56 Ballistics
28:36 Wheelbarrow
31:02 Husbandry
31:53 Scale Barding Armor
36:08 Chain Barding Armor
36:27 Town Watch
41:18 Imperial Age
40:45 Forging
42:09 Bracer
43:23 Plate Barding Armor
Connection lost

Rejoining the realm…

Still unreachable

The connection could not be restored.

Session expired

The server has moved on; the page needs a fresh start.